General information
- name: BNet
- type: Ladder 1vs1/FFA
- host: Battle.net
- saver: PROFESSORGEARS
map: TirisfalGlades
- players: 2
- length: 24:00
- speed: Fast
- version: 1.26 W3XP
- replay type: Public
» download(108 KB)
Players
team 1 (winner)
PROFESSORGEARS (
purple | 106 APM | 2553 actions | 24:00)
6 Blademaster
2 Wind Walk
3 Critical Strike
1 Bladestorm
5 Shadow Hunter
2 Hex
3 Healing Wave
5 Naga Sea Witch
2 Frost Arrows
3 Forked Lightning
» actions
| Assign group hotkey | 58 | |
| Basic commands | 1 | |
| Build / train | 108 | |
| Enter build submenu | 21 | |
| Enter hero's abilities submenu | 19 | |
| Give item / drop item | 6 | |
| Right click | 1643 | |
| Select / deselect | 438 | |
| Select group hotkey | 127 | |
| Use ability | 132 | |
2553 total
» units
| Peon | 18 | |
| Wind Rider | 9 | |
| Troll Batrider | 12 | |
| Shaman | 3 | |
42 total
» upgrades
| Ranged Weapons | 2 | |
| Armor | 2 | |
| Envenomed Spears | 1 | |
| Reinforced Defenses | 1 | |
| Shaman Training | 2 | |
| Liquid Fire | 1 | |
9 total
» buildings
| Altar of Storms | 1 | |
| Orc Burrow | 5 | |
| War Mill | 2 | |
| Voodoo Lounge | 1 | |
| Watch Tower | 8 | |
| Stronghold | 2 | |
| Beastiary | 3 | |
| Fortress | 1 | |
| Spirit Lodge | 1 | |
24 total
» build order
00:07 Altar of Storms
00:20 Orc Burrow
00:52 War Mill
01:05 Voodoo Lounge
02:05 Watch Tower
02:15 Watch Tower
02:41 Watch Tower
03:02 Watch Tower
03:42 Stronghold
03:42 Stronghold
05:28 Orc Burrow
06:11 Beastiary
06:13 Beastiary
06:24 Orc Burrow
07:49 Fortress
08:18 Orc Burrow
10:07 Watch Tower
10:10 Watch Tower
10:11 Watch Tower
10:11 Watch Tower
13:35 Spirit Lodge
15:07 War Mill
19:04 Beastiary
19:55 Orc Burrow
» items
| Healing Salve | 4 | |
| Lesser Clarity Potion | 3 | |
| Scroll of Speed | 1 | |
| Circlet of Nobility | 3 | |
| Boots of Speed | 2 | |
| Staff of Teleportation | 2 | |
| Tiny Great Hall | 1 | |
| Potion of Mana | 2 | |
| Scroll of Town Portal | 1 | |
| Orb of Lightning | 1 | |
| Potion of Healing | 3 | |
| Potion of Lesser Invulnerability | 2 | |
| Dust of Appearance | 1 | |
| Scroll of Protection | 1 | |
| Scroll of Healing | 1 | |
| Periapt of Vitality | 1 | |
29 total
team 2 (loser)
FierCe[GGL] (
teal | 220 APM | 5283 actions | 23:58)
4 Crypt Lord
2 Carrion Beetles
1 Spiked Carapace
1 Impale
2 Death Knight
1 Death Coil
1 Unholy Aura
1 Dreadlord
1 Sleep
» actions
| Assign group hotkey | 119 | |
| Basic commands | 299 | |
| Build / train | 111 | |
| ESC pressed | 11 | |
| Enter build submenu | 25 | |
| Enter hero's abilities submenu | 7 | |
| Give item / drop item | 1 | |
| Right click | 1115 | |
| Select / deselect | 780 | |
| Select group hotkey | 2683 | |
| Use ability | 132 | |
5283 total
» units
| Acolyte | 11 | |
| Ghoul | 12 | |
| Crypt Fiend | 15 | |
| Obsidian Statue | 5 | |
| Gargoyle | 11 | |
| Frost Wyrm | 7 | |
61 total
» upgrades
| Creature Attack | 2 | |
| Web | 1 | |
| Burrow | 1 | |
| Destroyer Form | 1 | |
| Creature Carapace | 1 | |
| Freezing Breath | 1 | |
7 total
» buildings
| Graveyard | 1 | |
| Crypt | 2 | |
| Altar of Darkness | 1 | |
| Ziggurat | 7 | |
| Tomb of Relics | 1 | |
| Nerubian Tower | 4 | |
| Necropolis | 1 | |
| Halls of the Dead | 2 | |
| Spirit Tower | 4 | |
| Black Citadel | 1 | |
| Slaughterhouse | 1 | |
| Sacrificial Pit | 1 | |
| Boneyard | 2 | |
28 total
» build order
00:06 Graveyard
00:07 Crypt
00:10 Crypt
00:49 Altar of Darkness
00:57 Ziggurat
01:23 Tomb of Relics
01:38 Ziggurat
02:22 Nerubian Tower
04:25 Ziggurat
05:14 Necropolis
05:19 Nerubian Tower
06:46 Halls of the Dead
06:47 Halls of the Dead
07:01 Ziggurat
08:18 Spirit Tower
08:27 Ziggurat
09:09 Black Citadel
09:18 Slaughterhouse
09:30 Spirit Tower
09:33 Ziggurat
09:40 Sacrificial Pit
12:04 Boneyard
12:05 Boneyard
22:40 Ziggurat
22:42 Nerubian Tower
» items
| Rod of Necromancy | 3 | |
| Sacrificial Skull | 1 | |
| Potion of Lesser Invulnerability | 1 | |
| Staff of Teleportation | 1 | |
| Orb of Corruption | 2 | |
| Scroll of Healing | 3 | |
| Scroll of Town Portal | 1 | |
12 total
Chat log
(00:01 / All) PROFESSORGEARS: LOL
(00:08 / All) PROFESSORGEARS: HAHAHAH
(00:10 / All) PROFESSORGEARS: I KNEW IT
(00:23 / All) PROFESSORGEARS: SO U GONNA BEG NOW
(00:25 / All) PROFESSORGEARS: OR AFTER I WIN?
(00:47 / All) PROFESSORGEARS: Y
(00:48 / All) PROFESSORGEARS: SO
(00:49 / All) PROFESSORGEARS: QUIET?
(00:53 / All) PROFESSORGEARS: YOUR SO
(00:54 / All) PROFESSORGEARS: tALKATIVE
(00:56 / All) PROFESSORGEARS: ON WCR
(01:18 / All) FierCe[GGL]: SUP TRASH?
(01:19 / All) PROFESSORGEARS: LOL
(01:21 / All) PROFESSORGEARS: FINALLY
(01:22 / All) PROFESSORGEARS: THE ARAB SPEAKS
(01:26 / All) PROFESSORGEARS: HOW MADE SUN
(01:29 / All) FierCe[GGL]: SUP DIRTY VIRGIN
(01:30 / All) PROFESSORGEARS: LOL
(01:32 / All) PROFESSORGEARS: LOLOLOLOL
(01:36 / All) PROFESSORGEARS: SO WHO POSTS
(01:38 / All) PROFESSORGEARS: U OR ME?
(01:43 / All) FierCe[GGL]: UR A FUCKING VIRGIN
(01:44 / All) FierCe[GGL]: SON STFU
(01:45 / All) PROFESSORGEARS: I GOTTA GIVE A SHOUTOUT
(01:49 / All) PROFESSORGEARS: TO SILENTRAIDER
(01:54 / All) PROFESSORGEARS: FOR HE WILL COMMENT AT LEAST
(01:55 / All) PROFESSORGEARS: 5 TIMES
(01:56 / All) FierCe[GGL]: NIGGER STFU
(01:58 / All) FierCe[GGL]: GO BACK TO AFRICA
(02:00 / All) PROFESSORGEARS: WITH 5 DIFFERENT ESSAYS
(02:01 / All) PROFESSORGEARS: HAHAHA
(02:18 / All) FierCe[GGL]: oh wait, it gets boring
(02:31 / All) PROFESSORGEARS: LEAVE RAST
(02:39 / All) FierCe[GGL]: do you want me to leave?
(02:47 / All) PROFESSORGEARS: I WIN REGARDLESS
(02:56 / All) FierCe[GGL]: obviously you dont want me
(03:13 / All) PROFESSORGEARS: I WANT
(03:14 / All) PROFESSORGEARS: A CHALLENGE
(03:31 / All) PROFESSORGEARS: SO WHATS ON THE MENU
(03:34 / All) PROFESSORGEARS: U GONNA TRY SUICIDE BOMB MY BASE?
(03:37 / All) PROFESSORGEARS: OR FAST EXPO
(03:39 / All) FierCe[GGL]: turn off mh and you'll lose
(03:42 / All) PROFESSORGEARS: LOL
(03:44 / All) PROFESSORGEARS: WHATS MH?
(03:46 / All) PROFESSORGEARS: MY HAIR?
(03:48 / All) PROFESSORGEARS: HJAHA
(04:02 / All) FierCe[GGL]: obv you're afraid to
(04:05 / All) PROFESSORGEARS: HAHA
(04:08 / All) PROFESSORGEARS: MH?
(04:10 / All) PROFESSORGEARS: LOL
(04:13 / All) FierCe[GGL]: it's the one thing keeping u from losing
(04:19 / All) PROFESSORGEARS: HI ACO
(04:22 / All) PROFESSORGEARS: WHERE U GONIG?
(04:44 / All) PROFESSORGEARS: LOL
(05:38 / All) PROFESSORGEARS: SCREAM
(05:42 / All) PROFESSORGEARS: FOR ME FANBOY
(05:45 / All) PROFESSORGEARS: ABAZAALLAH
(06:31 / All) PROFESSORGEARS: TY
(06:40 / All) PROFESSORGEARS: TY
(06:52 / All) PROFESSORGEARS: GOOD FAN
(07:10 / All) PROFESSORGEARS: WHY SO QUIET
(07:53 / All) PROFESSORGEARS: WOW
(07:55 / All) PROFESSORGEARS: HOW BAD ARE U SUN
(08:09 / All) PROFESSORGEARS: LOLOL
(08:10 / All) PROFESSORGEARS: ADIOS
(08:45 / All) FierCe[GGL]: at least I get the satisfaction that you need mh to beat me
(08:48 / All) PROFESSORGEARS: LOL
(08:49 / All) PROFESSORGEARS: MH?
(08:54 / All) PROFESSORGEARS: ANIMAL INSTINCTS SUN
(08:55 / All) FierCe[GGL]: obviously son
(09:07 / All) FierCe[GGL]: deny it, thats what a strong person does,
(09:13 / All) FierCe[GGL]: obviously not man enough
(09:17 / All) PROFESSORGEARS: SHOULD
(09:19 / All) PROFESSORGEARS: I LET U LIVE
(09:20 / All) PROFESSORGEARS: ?
(09:41 / All) PROFESSORGEARS: YEAH
(09:43 / All) PROFESSORGEARS: GO MASS FROSTS
(09:49 / All) PROFESSORGEARS: BECAUSE THAT USUALLY WORKS
(09:52 / All) FierCe[GGL]: go mh more newbie
(09:56 / All) PROFESSORGEARS: MADE?
(10:02 / All) FierCe[GGL]: when u lose, you're gonna need a new excuse
(10:07 / All) PROFESSORGEARS: WHEN?
(10:25 / All) PROFESSORGEARS: \HAHA
(10:26 / All) PROFESSORGEARS: WHEN?
(10:44 / All) FierCe[GGL]: you sound angry nerd
(10:46 / All) PROFESSORGEARS: WHEN
(10:47 / All) PROFESSORGEARS: LOL
(10:52 / All) PROFESSORGEARS: ENLIGHTEN ME RAT
(11:25 / All) PROFESSORGEARS: LOIL DK
(11:38 / All) PROFESSORGEARS: FUCK FIERCE
(11:39 / All) PROFESSORGEARS: COME ON
(11:50 / All) PROFESSORGEARS: DO SOMETHING
(15:22 / All) PROFESSORGEARS: NERDPUSH TIME?
(15:25 / All) PROFESSORGEARS: OK
(15:25 / All) PROFESSORGEARS: GOOD
(16:12 / All) PROFESSORGEARS: LOLOL
(17:43 / All) PROFESSORGEARS: AFDIOSA
(17:48 / All) PROFESSORGEARS: HAHA
(17:57 / All) PROFESSORGEARS: COMEON FIERCE
(18:00 / All) PROFESSORGEARS: THATS IT?
(18:55 / All) PROFESSORGEARS: LALALA
(19:16 / All) PROFESSORGEARS: BUG EXTERMINATOR
(19:17 / All) PROFESSORGEARS: HJERE
(20:33 / All) PROFESSORGEARS: TOP EH
(20:34 / All) PROFESSORGEARS: oK
(20:49 / All) PROFESSORGEARS: least u madde a move
(20:50 / All) PROFESSORGEARS: finally
(21:08 / All) PROFESSORGEARS: damn
(21:20 / All) PROFESSORGEARS: i dont even need exp
(21:20 / All) PROFESSORGEARS: ;/
(21:36 / All) PROFESSORGEARS: hbu?
(22:12 / All) PROFESSORGEARS: so fierce
(22:14 / All) PROFESSORGEARS: how much longer
(22:18 / All) PROFESSORGEARS: are you planning to gt raped for?
(22:58 / All) PROFESSORGEARS: come to daddy
(23:09 / All) PROFESSORGEARS: ;lopl
(23:10 / All) PROFESSORGEARS: LOL
(23:14 / All) PROFESSORGEARS: LEVEL 6
(23:15 / All) PROFESSORGEARS: COUNJT IT